 Dungeon Crawl Stone Soup version 0.21-a0-1-gaf3b9a5 (webtiles) character file.

34266 nikopol the Fighter (level 13, -4/84 HPs)
             Began as a Gargoyle Berserker on May 20, 2017.
             Was a High Priest of Trog.
             Killed from afar by a rime drake (13 damage)
             ... with a flash freeze
             ... on level 4 of the Lair of Beasts.
             The game lasted 01:01:41 (18704 turns).

nikopol the Fighter (Gargoyle Berserker)           Turns: 18704, Time: 01:01:42

Health: -4/84      AC: 25    Str: 27    XL:     13   Next: 76%
Magic:  0/13       EV: 16    Int:  7    God:    Trog [*****.]
Gold:   966        SH:  0    Dex: 13    Spells: 12/12 levels left

rFire    + + .     SeeInvis .   a - +4 battleaxe (chop)
rCold    . . .     Gourm    .   (shield currently unavailable)
rNeg     + + .     Faith    .   C - +2 ring mail {rF+}
rPois    ∞         Spirit   +   I - +1 hat
rElec    +         Reflect  .   N - +1 cloak
rCorr    +         Harm     .   x - +2 pair of gloves
MR       ++...                  (no boots)
Stlth    +.........             k - amulet of guardian spirit
Regen    1.3/turn               F - ring of resist corrosion
MPRegen  0.2/turn               R - ring of Ilubbaz {rF+ rN+ Str+4}

@: very slightly contaminated, starving, regenerating, slowed, very slow
A: negative energy resistance 1, electricity resistance, unbreathing,
petrification resistance, rot immunity, AC +9
a: Berserk, Trog's Hand, Brothers in Arms, Burn Spellbooks, Renounce Religion


You were on level 4 of the Lair of Beasts.
You worshipped Trog.
Trog was extremely pleased with you.
You were starving.

You visited 2 branches of the dungeon, and saw 15 of its levels.
You also visited: Volcano.

You collected 966 gold pieces.

Inventory:

Hand Weapons
 a - a +4 battleaxe of chopping (weapon)
 i - a +2 longbow of velocity
 z - a +3 shortbow of velocity
 D - a +1 flail of protection
 S - a +0 broad axe of flaming
 X - a +0 executioner's axe of flaming
Missiles
 j - 350 arrows (quivered)
Armour
 x - a +2 pair of gloves (worn)
 C - a +2 ring mail of fire resistance (worn)
 I - a +1 hat (worn)
 N - a +1 cloak (worn)
 U - a +1 plate armour of fire resistance
Jewellery
 k - an amulet of guardian spirit (around neck)
 p - an uncursed ring of see invisible
 F - a ring of resist corrosion (left hand)
 J - an uncursed ring of protection from magic
 K - an uncursed ring of protection from cold
 R - the ring of Ilubbaz (right hand) {rF+ rN+ Str+4}
   (You found it on level 11 of the Dungeon)

   [ring of positive energy]

   It affects your strength (+4).
   It protects you from fire.
   It protects you from negative energy.
Wands
 b - a wand of flame (24/48)
 d - a wand of confusion (17/48)
 r - a wand of flame (19/48)
 t - a wand of enslavement (22/24)
 v - a wand of acid (9/15)
Scrolls
 l - 4 scrolls of identify
 m - a scroll of recharging
 w - 3 scrolls of enchant weapon
 y - a scroll of remove curse
 A - a scroll of amnesia
 B - 3 scrolls of fog
 H - 8 scrolls of teleportation
 P - a scroll of silence {unknown}
Potions
 e - a potion of brilliance
 f - 3 potions of invisibility
 g - 10 potions of curing
 n - 3 potions of might
 o - 2 potions of agility
 q - 4 potions of haste
 u - 4 potions of berserk rage
 E - 3 potions of heal wounds
 G - a potion of cancellation
 Y - a potion of resistance
Comestibles
 c - 6 bread rations
 s - 8 meat rations
 M - 4 royal jellies
 Q - 25 fruits


   Skills:
 + Level 11.3 Fighting
 * Level 11.2 Axes
 * Level 10.3 Bows
 + Level 11.3 Armour
 + Level 8.5 Dodging


You had 12 spell levels left.
You didn't know any spells.

Dungeon Overview and Level Annotations

Branches:
Dungeon (11/15)            Temple (0/1) D:5            Lair (4/6) D:10
  Swamp (0/4) Lair:4       Spider (0/4) Lair:2
    Orc: D:9-12

Altars:
Cheibriados
Fedhas
Gozag
Hepliaklqana
Makhleb
Nemelex Xobeh
Okawaru
Ru
Sif Muna
Uskayaw
Xom
Zin

Shops:
D:10 :   D:11 %


Innate Abilities, Weirdness & Mutations

You are resistant to torment.
Your stone body is resilient. (AC +9)
You are immune to poison.
You resist negative energy. (rN+)
You are resistant to electric shocks. (rElec)
You can survive without breathing.
You are immune to petrification.
You are immune to rotting.


Message History

You are starving!
A komodo dragon comes into view.
The komodo dragon hisses angrily.
Items here: )) [[ ††††
Okay, then.
Blink to where?
Press: ? - help, Dir - move target cursor You are very lightly contaminated with residual magic.
As you read the scroll of blinking, it crumbles to dust.
The rime drake breathes ice at you. The flash freeze hits you!
* * * LOW HITPOINT WARNING * * *
You are encased in ice.
A killer bee comes into view.
The killer bee buzzes angrily.
The ice encasing you melts away.
The killer bee stings you but does no damage.
The rime drake breathes ice at you. The flash freeze hits you!
You die...

####...####### ####P#.#.##### *
#####...P##.#####P#.......).P####
..###.........##........##†......
....##..P.#.P.##.....l..##.#.†...
....##.######.#P......≈.##...##.#
##..#### #..P..#..#...#####†.#.
##...# ##.....k...###*,,,....
.#.#.# #.....#...#*****,.#.y
.....# #...@y...#....***y...
.....# *#....≈.##..#..,**##*#
#...## #.......#*.....**,,,,,
=#..# **#..######*,....,,*,***
.#### *.....********.##,*,,,,,
...## *#....,,≈,,*,**#.,*,***,*
....# *...,<,,,,*,,,**,,,**,,,,
[..## *#..*,,,,*,,≈,,*,*,*,*,,,
####*****,,,,,,,,*,,,,,*,*,*,,,,,


You could see a komodo dragon, a rime drake and a killer bee.

Vanquished Creatures
  Gastronok (Lair:2)
  A red draconian (Volcano)
  Fannar (Lair:1)
  3 hydras
  A centaur warrior (Volcano)
  2 two-headed ogres (D:11)
  Urug (D:10)
  Nergalle (Lair:1)
  The ghost of nikopol the Skirmisher, a novice GrBe of Trog (D:7)
  An unseen horror (D:10)
  4 oklob plants (Lair:2)
  2 ugly things (D:11)
  4 black mambas
  The ghost of murphy the Geomancer, a novice DEEE (D:5)
  Joseph (D:9)
  5 spiny frogs
  A rime drake (Lair:1)
  2 komodo dragons (Lair:2)
  2 yaktaurs (Volcano)
  A troll (D:10)
  A queen bee (Lair:4)
  Grinder (D:3)
  2 meliai (Lair:4)
  6 hippogriffs
  A blink frog (Lair:4)
  Prince Ribbit (D:6)
  Sigmund (D:6)
  4 wyverns
  A shadow (D:11)
  23 yaks
  3 basilisks
  Grum (Lair:1)
  A steam dragon (Lair:4)
  6 porcupines
  2 ice beasts
  12 water moccasins
  5 orc warriors
  4 black bears
  A sky beast (D:9)
  2 phantoms
  A necrophage (D:9)
  13 wolves
  5 ogres
  7 centaurs
  5 crocodiles
  3 big kobolds
  5 bullfrogs
  2 wyvern zombies
  2 scorpions
  A water moccasin skeleton (D:9)
  28 killer bees
  3 howler monkeys
  8 electric eels (D:11)
  9 crimson imps
  2 bullfrog zombies
  A centaur zombie (D:5)
  3 quasits
  5 orc priests
  3 jellies
  9 hounds
  4 iguanas
  3 centaur skeletons
  11 orc wizards
  10 worker ants
  A hound zombie (D:6)
  2 hound skeletons
  A worker ant zombie (D:9)
  8 gnolls
  21 adders
  2 river rats (Lair:4)
  3 shadow imps
  An ooze (D:6)
  An adder zombie (D:6)
  4 worms
  5 dart slugs
  7 leopard geckos
  35 orcs
  A ball python (D:2)
  8 bats
  6 giant cockroaches
  8 goblins
  15 hobgoblins
  3 jackals (D:1)
  17 kobolds
  2 quokkas
  8 frilled lizards
  A jackal skeleton (D:5)
  2 leopard gecko skeletons (D:4)
  6 rats
  6 fungi
431 creatures vanquished.

Vanquished Creatures (collateral kills)
  A killer bee (Lair:4)
1 creature vanquished.

Vanquished Creatures (others)
  A bullfrog skeleton (D:11)
  A kobold (D:1)
  A fungus (Lair:3)
  4 plants
7 creatures vanquished.

Grand Total: 439 creatures vanquished

Notes
Turn   | Place    | Note
-------+----------+-------------------------------------------
     0 | D:1      | nikopol the Gargoyle Berserker began the quest for the Orb.
     0 | D:1      | Reached XP level 1. HP: 14/14 MP: 1/1
   124 | D:1      | Reached XP level 2. HP: 19/19 MP: 2/2
   584 | D:1      | Reached XP level 3. HP: 18/23 MP: 3/3
   964 | D:2      | Reached ** piety under Trog
  1063 | D:2      | Found a sacrificial altar of Ru.
  1080 | D:2      | Reached XP level 4. HP: 29/29 MP: 4/4
  2040 | D:3      | Found a shimmering altar of Xom.
  2041 | D:3      | Found an opulent altar of Gozag.
  2041 | D:3      | Found a hide-covered altar of Uskayaw.
  2043 | D:3      | Found a glowing silver altar of Zin.
  2050 | D:3      | Reached XP level 5. HP: 29/33 MP: 5/5
  2051 | D:3      | Found a deep blue altar of Sif Muna.
  2173 | D:3      | Noticed Grinder
  2180 | D:3      | Paralysed by Grinder for 3 turns
  2214 | D:3      | Paralysed by Grinder for 5 turns
  2222 | D:3      | Killed Grinder
  2222 | D:3      | Reached XP level 6. HP: 15/40 MP: 6/6
  2452 | D:3      | Reached skill level 5 in Fighting
  2806 | D:3      | Reached *** piety under Trog
  2837 | D:3      | You fall through a shaft!
  3355 | D:4      | Reached XP level 7. HP: 43/44 MP: 7/7
  3534 | D:4      | Found a hazy altar of Hepliaklqana.
  3719 | D:4      | Found a sparkling altar of Nemelex Xobeh.
  3783 | D:4      | Reached skill level 5 in Armour
  4145 | D:5      | Entered Level 5 of the Dungeon
  4196 | D:5      | Found a staircase to the Ecumenical Temple.
  4342 | D:5      | Reached XP level 8. HP: 51/51 MP: 8/8
  4386 | D:5      | Reached skill level 5 in Axes
  4497 | D:5      | Found an iron altar of Okawaru.
  4640 | D:5      | Found an iron altar of Okawaru.
  4654 | D:5      | Reached **** piety under Trog
  4661 | D:5      | Noticed murphy's ghost (novice DEEE)
  4701 | D:5      | Killed murphy's ghost
  4903 | D:5      | Reached XP level 9. HP: 50/57 MP: 9/9
  5138 | D:5      | Found a snail-covered altar of Cheibriados.
  5283 | D:6      | Noticed Sigmund
  5292 | D:6      | Killed Sigmund
  5399 | D:6      | Reached skill level 5 in Dodging
  5445 | D:6      | You fall through a shaft for 3 floors!
  5643 | D:7      | Noticed nikopol's ghost (novice GrBe)
  6323 | D:8      | Reached ***** piety under Trog
  6871 | D:8      | Reached XP level 10. HP: 42/64 MP: 7/10
  7615 | D:6      | Reached skill level 1 in Bows
  7707 | D:6      | Noticed Prince Ribbit
  7719 | D:6      | Killed Prince Ribbit
  7837 | D:6      | Found an iron altar of Okawaru.
  8065 | D:6      | Found a blossoming altar of Fedhas.
  8171 | D:7      | Killed nikopol's ghost
  8548 | D:8      | Received a gift from Trog
  9322 | D:9      | Found a burning altar of Makhleb.
  9951 | D:9      | Noticed Joseph
  9966 | D:9      | Killed Joseph
 10187 | D:10     | Entered Level 10 of the Dungeon
 10286 | D:10     | Found Wudghu's Book Shop.
 10350 | D:10     | Reached XP level 11. HP: 69/71 MP: 9/11
 10386 | D:10     | Reached skill level 5 in Bows
 10395 | D:10     | Noticed Urug
 10429 | D:10     | Killed Urug
 10488 | D:10     | Received a gift from Trog
 10709 | D:10     | Found a staircase to the Lair.
 11318 | D:10     | Noticed an unseen horror
 11355 | D:10     | Killed an unseen horror
 12308 | D:11     | Received a gift from Trog
 12312 | D:11     | Noticed a six-headed hydra
 12315 | D:11     | Noticed a red ugly thing
 12321 | D:11     | Killed a six-headed hydra
 12328 | D:11     | Killed a red ugly thing
 12483 | Lair:1   | Entered Level 1 of the Lair of Beasts
 12503 | Lair:1   | Reached XP level 12. HP: 36/77 MP: 4/12
 12799 | D:11     | Reached skill level 10 in Armour
 12992 | D:11     | Found Desekeoq's Food Boutique.
 13396 | D:11     | Reached skill level 10 in Fighting
 13419 | D:11     | Noticed a two-headed ogre
 13430 | D:11     | Killed a two-headed ogre
 13634 | D:11     | Got a crude tin ring
 13863 | D:11     | Noticed a two-headed ogre
 13872 | D:11     | Killed a two-headed ogre
 13931 | Lair:1   | Identified the ring of Ilubbaz {rF+ rN+ Str+4} (You found it on level 11 of the Dungeon)
 13985 | Lair:1   | Noticed Grum
 13993 | Lair:1   | Killed Grum
 14379 | Lair:1   | Noticed Nergalle
 14403 | Lair:1   | Killed Nergalle
 14403 | Lair:1   | Reached skill level 10 in Axes
 14702 | Lair:1   | Noticed Fannar
 14719 | Lair:1   | Killed Fannar
 15249 | Lair:2   | Received a gift from Trog
 15560 | Lair:2   | Found a hole to the Spider Nest.
 15635 | Lair:2   | Noticed a five-headed hydra
 15665 | Lair:2   | Killed a five-headed hydra
 15665 | Lair:2   | Reached XP level 13. HP: 53/83 MP: 5/13
 15944 | Lair:2   | Received a gift from Trog
 16420 | Lair:2   | Noticed Gastronok
 16434 | Lair:2   | Killed Gastronok
 17873 | Lair:4   | Found a dark tunnel.
 17879 | Volcano  | Entered a volcano
 18005 | Volcano  | Noticed a red draconian
 18031 | Volcano  | Killed a red draconian
 18413 | Volcano  | Reached skill level 10 in Bows
 18702 | Lair:4   | HP: 4/84 [rime drake/flash freeze (13)]
 18704 | Lair:4   | Killed from afar by a rime drake

Vault maps used:
D:1:      dpeg_arrival_another_circle
D:2:      nicolae_ru_great_annihilating_truth, first_bread, minmay_crystal_room
D:3:      grunt_temple_overflow_open, grunt_ministairs_5, nrook_uturn,
          uniq_grinder
D:4:      kennysheep_mini, nemelex_diamond_rough_becter
D:5:      okawaru_trees_2, marbit_many_paths, minmay_temple_entry_trees,
          minmay_ruined_shrine
D:6:      basic_altar, fedhas_altar_fruit_tree, uniq_prince_ribbit1,
          uniq_sigmund
D:9:      makhleb_blood_cavern_becter, uniq_joseph
D:10:     lair_entry_dummy, serial_shops, shop, blue_anna_alchemist,
          st_stairs_14, uniq_urug
D:11:     serial_shops, kennysheep_mini_moat
Lair:1:   lab_entry_generic, serial_bayou_shore_b, grunt_megastairs_4,
          uniq_nergalle, uniq_grum, uniq_fannar
Lair:2:   nicolae_spider_entry_non_spiders, grunt_megastairs_1,
          minmay_lair_oklob_chamber, serial_bayou_shore_b, uniq_gastronok
Lair:3:   st_stairs_9
Lair:4:   regret_index_tunnel_blossom, minmay_swamp_entry_worms,
          nicolae_volcano_entry_s_turn
Volcano:  volcano_pools

Skill      XL: |  1  2  3  4  5  6  7  8  9 10 11 12 13 |
---------------+----------------------------------------+-----
Axes           | 3 4 5 6 7 9 10 11 | 11.2
Dodging        | 2 3 4 5 6 7 8 |  8.5
Armour         | 3 4 5 6 8 9 10 11 | 11.3
Fighting       | 4 5 7 8 9 10 11 | 11.3
Bows           | 4 7 9 10 | 10.3

Action                   |  1- 3 |  4- 6 |  7- 9 | 10-12 | 13-15 || total
-------------------------+-------+-------+-------+-------+-------++-------
Melee: Hand axe          |   136 |   194 |   544 |   591 |       ||  1465
       Flail             |       |       |     5 |    19 |     4 ||    28
       Longbow           |       |       |       |     1 |       ||     1
       Battleaxe         |       |       |       |   128 |   129 ||   257
 Fire: Longbow           |       |       |       |   284 |    24 ||   308
       Shortbow          |       |       |       |    48 |    82 ||   130
Invok: Berserk           |       |     1 |    10 |    10 |     2 ||    23
       Burn Spellbooks   |       |       |     1 |     1 |       ||     2
       Trog's Hand       |       |       |     1 |       |     1 ||     2
       Brothers in Arms  |       |       |       |       |     1 ||     1
  Use: Scroll            |       |       |     5 |    16 |     3 ||    24
  Eat: Chunk             |     1 |     8 |    18 |    29 |    11 ||    67
       Fruit             |       |       |     2 |     9 |       ||    11
       Royal jelly       |       |       |       |     1 |       ||     1
Armor: Ring mail         |    91 |    88 |   107 |   570 |   122 ||   978
       Scale mail        |       |       |   202 |       |       ||   202
Dodge: Dodged            |   109 |   117 |   379 |   640 |   207 ||  1452
